WCHLSIM.com - West Coast Hockey League
html PUBLIC "-//W3C//DTD XHTML 1.0 Transitional//EN" "http://www.w3.org/TR/xhtml1/DTD/xhtml1-transitional.dtd"> WCHL - Game 79 - SAN FRANCISCO SPIDERS vs RENO LIONS

SAN FRANCISCO SPIDERS vs RENO LIONS

Created - 22 octobre 2023 at 21:47

Goals
1 2 3 T
SAN FRANCISCO SPIDERS 0 3 1 4
RENO LIONS 1 1 1 3
Shots
1 2 3 T
SAN FRANCISCO SPIDERS 3 18 9 30
RENO LIONS 15 14 14 43

1st period

1. RENO LIONS , Steven Stamkos 3 (Kirill Kaprizov 2, Elias Pettersson 4) at 5:28

Penalties :
Dakota Joshua (SAF) for Tripping (Minor) at 2:40, Sean Durzi (SAF) for Hooking (Minor) at 10:07, Robert Hagg (REN) for Hooking (Minor) at 13:37

2nd period

2. SAN FRANCISCO SPIDERS , Sebastian Aho 3 (Zach Hyman 3, Sean Durzi 3) at 4:41
3. SAN FRANCISCO SPIDERS , Kyle Palmieri 1 (Sebastian Aho 1, Erik Gudbranson 2) at 8:16
4. RENO LIONS , Kirill Kaprizov 2 (Elias Pettersson 5, Oliver Ekman-Larsson 3) at 15:17
5. SAN FRANCISCO SPIDERS , Sebastian Aho 4 (Zach Hyman 4, Darnell Nurse 3) at 16:29

Penalties :
No Penalty

3rd period

6. SAN FRANCISCO SPIDERS , Zach Hyman 1 (Darnell Nurse 4, Kyle Palmieri 1) at 9:51
7. RENO LIONS , Steven Stamkos 4 (Elias Pettersson 6) at 13:58

Penalties :
Robert Hagg (REN) for Hooking (Minor) at 6:32, Robert Hagg (REN) for Hooking (Minor) at 14:57

Goalie Stats

Igor Shesterkin (SAF), 40 saves from 43 shots - (0,930), W, 3-1-0, 60:00 minutes
Stuart Skinner (REN), 26 saves from 30 shots - (0,867), L, 2-3-0, 59:28 minutes

Players Stats for SAN FRANCISCO SPIDERS

Player Name              G  A  P  +/- PIM S  H  SB GA TA FO     MP     PP MP  PK MP  
------------------------------------------------------------------------------------
Andrei Svechnikov        0  0  0   0  0   2  1  0  0  0  1/1    19:42   3:01   0:00 
Bo Horvat                0  0  0   0  0   6  0  0  0  0  12/23  19:00   2:36   1:52 
Brenden Dillon           0  0  0  -1  0   1  3  3  0  0  0/0    24:34   3:07   1:59 
Dakota Joshua            0  0  0   0  2   0  0  0  0  0  2/8     6:27   2:56   0:00 
Darnell Nurse            0  2  2  -1  0   0  0  1  0  0  0/0    24:34   3:07   1:59 
Eeli Tolvanen            0  0  0   0  0   3  0  0  0  0  1/1     3:32   0:00   0:00 
Erik Gudbranson          0  1  1   2  0   1  3  0  0  0  0/0    22:59   2:50   1:59 
Jacob Middleton          0  0  0   0  0   0  0  1  0  0  0/0    13:25   0:00   0:58 
Jared McCann             0  0  0   0  0   2  3  0  0  0  0/1    17:53   3:21   0:00 
Kirby Dach               0  0  0   0  0   3  0  0  0  0  3/18   17:39   0:00   0:58 
Kyle Palmieri            1  1  2   1  0   3  3  0  0  0  0/0    14:21   0:00   0:00 
Michael Anderson         0  0  0   0  0   0  0  1  0  0  0/0    12:32   0:00   0:05 
Sean Durzi               0  1  1   2  2   0  1  2  0  0  0/0    21:55   2:50   0:56 
Sebastian Aho            2  1  3   1  0   4  1  0  0  0  11/33  19:49   3:21   1:08 
Trent Frederic           0  0  0   0  0   0  0  0  0  0  0/0     3:32   0:00   0:00 
Trevor Moore             0  0  0   0  0   1  1  0  0  0  1/2    16:41   0:00   0:00 
Viktor Arvidsson         0  0  0   0  0   1  1  1  0  0  0/1    19:15   2:36   1:08 
Zach Hyman               1  2  3   1  0   3  2  0  0  0  3/7    18:10   0:00   2:50 

Players Stats for RENO LIONS

Player Name              G  A  P  +/- PIM S  H  SB GA TA FO     MP     PP MP  PK MP  
------------------------------------------------------------------------------------
Alex Steeves             0  0  0   0  0   1  0  0  0  0  6/7     5:19   0:00   0:00 
Andreas Johnsson         0  0  0   0  0   0  0  0  0  0  0/0     5:19   0:00   0:00 
Brady Skjei              0  0  0  -1  0   3  2  1  0  0  0/0    24:35   2:04   2:52 
Elias Pettersson         0  3  3   0  0   11 1  0  0  0  0/1    20:27   1:53   0:00 
Ethan Bear               0  0  0   2  0   0  4  1  0  0  0/0    17:08   0:00   3:05 
Ilya Mikheyev            0  0  0   0  0   2  0  0  0  0  0/0    13:17   2:05   0:00 
Jack Roslovic            0  0  0  -1  0   2  0  0  0  0  1/1    19:32   2:05   2:27 
Justin Schultz           0  0  0  -1  0   0  0  2  0  0  0/0    22:27   2:04   0:44 
Juuso Valimaki           0  0  0   2  0   0  0  1  0  0  0/0    19:02   1:54   3:05 
Kirill Kaprizov          1  1  2   0  0   2  0  0  0  0  0/2    20:27   1:53   0:00 
Marcus Foligno           0  0  0   0  0   3  2  0  0  0  0/0    14:42   0:00   3:30 
Nicholas Ritchie         0  0  0   0  0   3  1  0  0  0  0/0     5:19   0:00   0:00 
Nick Bjugstad            0  0  0  -1  0   0  2  0  0  0  22/33  18:30   0:00   3:30 
Oliver Ekman-Larsson     0  1  1  -2  0   0  0  1  0  0  0/0    20:25   1:54   2:08 
Patrick Brown            0  0  0   0  0   2  0  0  0  0  8/17   13:39   0:00   2:27 
Pierre-Luc Dubois        0  0  0  -1  0   7  0  0  0  0  2/4    17:05   2:05   0:00 
Robert Hagg              0  0  0  -2  6   0  4  1  0  0  0/0    16:20   0:00   0:00 
Steven Stamkos           2  0  2   0  0   7  3  0  0  0  22/30  20:27   1:53   0:00 

3 Stars

1 - Sebastian Aho (SAF)
2 - Zach Hyman (SAF)
3 - Steven Stamkos (REN)

Power Play

SAN FRANCISCO SPIDERS - 0 on 3 Attempt(s) - 0,00%
RENO LIONS - 0 on 2 Attempt(s) - 0,00%

Penalty Kill

SAN FRANCISCO SPIDERS - 2 on 2 Attempt(s) - 100,00% - Score 0 goal in Penalty Kill
RENO LIONS - 3 on 3 Attempt(s) - 100,00% - Score 0 goal in Penalty Kill

Team Stat

SAN FRANCISCO SPIDERS - Hits : 19 - Faceoff Wins : 34 - Blocked Shots : 9 - Penalty Minutes : 4
RENO LIONS - Hits : 19 - Faceoff Wins : 61 - Blocked Shots : 7 - Penalty Minutes : 6

Official

Referees : Corey Syvret and Peter MacDougall
Linesman : Jim Harper and Libor Suchanek

Game Notes

No Game Note

Finance

Level 1 -- Attendance: 7000 (100,00%) -- Ticket Income 945 000 $
Level 2 -- Attendance: 6000 (100,00%) -- Ticket Income 510 000 $
Level 3 -- Attendance: 3000 (100,00%) -- Ticket Income 180 000 $
Level 4 -- Attendance: 5000 (100,00%) -- Ticket Income 200 000 $
Luxury Box -- Attendance: 1000 (100,00%) -- Ticket Income 270 000 $
Game was played at the Lions Kingdom.
Total Attendance: 22000 (100,00%)
Total Ticket Income: 2 105 000 $
Other Expense: 21 050 $
Total Income: 2 083 950 $

SAN FRANCISCO SPIDERS

5 vs 5 Forward 
   Center                   Left Wing                Right Wing               Time % Phy DF OF 
 1 Sebastian Aho            Zach Hyman               Kyle Palmieri            30     0   2  3  
 2 Bo Horvat                Jared McCann             Viktor Arvidsson         30     0   2  3  
 3 Kirby Dach               Trevor Moore             Andrei Svechnikov        30     0   2  3  
 4 Dakota Joshua            Trent Frederic           Eeli Tolvanen            10     0   4  1  

5 vs 5 Defense 
   Defense                  Defense                                           Time % Phy DF OF 
 1 Darnell Nurse            Brenden Dillon                                    36     1   2  2  
 2 Erik Gudbranson          Sean Durzi                                        31     1   2  2  
 3 Michael Anderson         Jacob Middleton                                   23     1   2  2  
 4 Darnell Nurse            Brenden Dillon                                    10     1   2  2  

PowerPlay Forward 
   Center                   Left Wing                Right Wing               Time % Phy DF OF 
 1 Sebastian Aho            Andrei Svechnikov        Jared McCann             55     1   2  2  
 2 Bo Horvat                Andrei Svechnikov        Viktor Arvidsson         45     1   2  2  

PowerPlay Defense
   Defense                  Defense                                           Time % Phy DF OF 
 1 Darnell Nurse            Brenden Dillon                                    55     1   2  2  
 2 Erik Gudbranson          Sean Durzi                                        45     1   2  2  

Penalty Kill 4 Players Forward 
   Center                   Wing                     Time % Phy DF OF 
 1 Zach Hyman               Bo Horvat                55     1   2  2  
 2 Sebastian Aho            Viktor Arvidsson         45     1   2  2  

Penalty Kill 4 Players Defense
   Defense                  Defense                  Time % Phy DF OF 
 1 Darnell Nurse            Brenden Dillon           55     1   2  2  
 2 Erik Gudbranson          Sean Durzi               45     1   2  2  

Penalty Kill - 3 Players Forward 
   Forward                                           Time % Phy DF OF 
 1 Zach Hyman                                        55     1   2  2  
 2 Bo Horvat                                         45     1   2  2  

Penalty Kill - 3 Players Defense
   Defense                  Defense                  Time % Phy DF OF 
 1 Darnell Nurse            Brenden Dillon           55     1   2  2  
 2 Erik Gudbranson          Sean Durzi               45     1   2  2  

4 vs 4 Forward 
   Center                   Wing                     Time % Phy DF OF 
 1 Zach Hyman               Bo Horvat                55     1   2  2  
 2 Sebastian Aho            Viktor Arvidsson         45     1   2  2  

4 vs 4 Defense
   Defense                  Defense                  Time % Phy DF OF 
 1 Darnell Nurse            Brenden Dillon           55     1   2  2  
 2 Erik Gudbranson          Sean Durzi               45     1   2  2  

Last Minutes Offensive
   Center                   Left Wing                Right Wing               Defense                  Defense                  
   Zach Hyman               Sebastian Aho            Viktor Arvidsson         Darnell Nurse            Brenden Dillon           

Last Minutes Defensive
   Center                   Left Wing                Right Wing               Defense                  Defense                  
   Zach Hyman               Sebastian Aho            Viktor Arvidsson         Darnell Nurse            Brenden Dillon           

Goaltenders
Starting : Igor Shesterkin          
Backup : Kevin Lankinen           

Extra Forwards
Normal : Dakota Joshua, Jared McCann, Kirby Dach - PP : Dakota Joshua, Jared McCann - PK : Kirby Dach
Extra Defensemen
Normal : Michael Anderson, Jacob Middleton, Erik Gudbranson - PP : Michael Anderson - PK : Jacob Middleton, Erik Gudbranson
Penalty Shots
Zach Hyman, Bo Horvat, Sebastian Aho, Viktor Arvidsson, Andrei Svechnikov
Custom OT Lines Forwards
Zach Hyman, Bo Horvat, Sebastian Aho, Viktor Arvidsson, Andrei Svechnikov, Jared McCann, Kirby Dach, Kyle Palmieri, Trevor Moore, Eeli Tolvanen
Custom OT Lines Defensemen
Darnell Nurse, Brenden Dillon, Erik Gudbranson, Sean Durzi, Michael Anderson

Scratches
None

RENO LIONS

5 vs 5 Forward 
   Center                   Left Wing                Right Wing               Time % Phy DF OF 
 1 Steven Stamkos           Kirill Kaprizov          Elias Pettersson         35     0   1  4  
 2 Nick Bjugstad            Pierre-Luc Dubois        Jack Roslovic            30     0   2  3  
 3 Patrick Brown            Ilya Mikheyev            Marcus Foligno           25     1   3  1  
 4 Alex Steeves             Nicholas Ritchie         Andreas Johnsson         10     2   3  0  

5 vs 5 Defense 
   Defense                  Defense                                           Time % Phy DF OF 
 1 Brady Skjei              Justin Schultz                                    35     1   2  2  
 2 Robert Hagg              Oliver Ekman-Larsson                              32     1   2  2  
 3 Juuso Valimaki           Ethan Bear                                        23     1   2  2  
 4 Brady Skjei              Justin Schultz                                    10     1   2  2  

PowerPlay Forward 
   Center                   Left Wing                Right Wing               Time % Phy DF OF 
 1 Steven Stamkos           Kirill Kaprizov          Elias Pettersson         65     0   0  5  
 2 Pierre-Luc Dubois        Ilya Mikheyev            Jack Roslovic            35     0   0  5  

PowerPlay Defense
   Defense                  Defense                                           Time % Phy DF OF 
 1 Justin Schultz           Brady Skjei                                       60     1   2  2  
 2 Juuso Valimaki           Oliver Ekman-Larsson                              40     1   2  2  

Penalty Kill 4 Players Forward 
   Center                   Wing                     Time % Phy DF OF 
 1 Nick Bjugstad            Marcus Foligno           55     1   3  1  
 2 Patrick Brown            Jack Roslovic            45     1   3  1  

Penalty Kill 4 Players Defense
   Defense                  Defense                  Time % Phy DF OF 
 1 Robert Hagg              Brady Skjei              55     1   3  1  
 2 Ethan Bear               Juuso Valimaki           45     1   3  1  

Penalty Kill - 3 Players Forward 
   Forward                                           Time % Phy DF OF 
 1 Jack Roslovic                                     55     1   4  0  
 2 Elias Pettersson                                  45     1   4  0  

Penalty Kill - 3 Players Defense
   Defense                  Defense                  Time % Phy DF OF 
 1 Robert Hagg              Brady Skjei              55     1   4  0  
 2 Ethan Bear               Juuso Valimaki           45     1   4  0  

4 vs 4 Forward 
   Center                   Wing                     Time % Phy DF OF 
 1 Pierre-Luc Dubois        Nick Bjugstad            55     1   2  2  
 2 Steven Stamkos           Kirill Kaprizov          45     1   2  2  

4 vs 4 Defense
   Defense                  Defense                  Time % Phy DF OF 
 1 Ethan Bear               Robert Hagg              55     1   2  2  
 2 Justin Schultz           Oliver Ekman-Larsson     45     1   2  2  

Last Minutes Offensive
   Center                   Left Wing                Right Wing               Defense                  Defense                  
   Steven Stamkos           Kirill Kaprizov          Elias Pettersson         Justin Schultz           Brady Skjei              

Last Minutes Defensive
   Center                   Left Wing                Right Wing               Defense                  Defense                  
   Steven Stamkos           Elias Pettersson         Jack Roslovic            Robert Hagg              Brady Skjei              

Goaltenders
Starting : Stuart Skinner           
Backup : Elvis Merzlikins         

Extra Forwards
Normal : Andreas Johnsson, Alex Steeves, Steven Stamkos - PP : Nick Bjugstad, Marcus Foligno - PK : Kirill Kaprizov
Extra Defensemen
Normal : Justin Schultz, Oliver Ekman-Larsson, Brady Skjei - PP : Ethan Bear - PK : Oliver Ekman-Larsson, Justin Schultz
Penalty Shots
Kirill Kaprizov, Elias Pettersson, Steven Stamkos, Pierre-Luc Dubois, Ilya Mikheyev
Custom OT Lines Forwards
Steven Stamkos, Elias Pettersson, Kirill Kaprizov, Pierre-Luc Dubois, Jack Roslovic, Nick Bjugstad, Ilya Mikheyev, Marcus Foligno, Nicholas Ritchie, Patrick Brown
Custom OT Lines Defensemen
Brady Skjei, Justin Schultz, Robert Hagg, Oliver Ekman-Larsson, Ethan Bear

Scratches
Mattias Samuelsson (Healthy)

% Time on Ice - SAN FRANCISCO SPIDERS

Lines # - Real PCT - Wanted PCT - Time Play
Normal Forward
1 - 29% - 30% - 14:21
2 - 30% - 30% - 14:32
3 - 34% - 30% - 16:41
4 - 7% - 10% - 3:32
Normal Defense
1 - 34% - 36% - 16:31
2 - 37% - 31% - 18:10
3 - 25% - 23% - 12:27
4 - 4% - 10% - 1:58
PP Forward
1 - 56% - 55% - 3:21
2 - 44% - 45% - 2:36
PP Defense
1 - 52% - 55% - 3:07
2 - 48% - 45% - 2:50
PK Forward
1 - 71% - 55% - 2:50
2 - 29% - 45% - 1:08
PK Defense
1 - 50% - 55% - 1:59
2 - 50% - 45% - 1:59
PK3 Forward
1 - 0% - 55%
2 - 0% - 45%
PK3 Defense
1 - 0% - 55%
2 - 0% - 45%
44 Forward
1 - 0% - 55%
2 - 0% - 45%
44 Defense
1 - 0% - 55%
2 - 0% - 45%
Last Minute Offensive  - 0:00
Last Minute Defensive  - 0:59
Total
Forward - 60:00
Defense - 60:00

% Time on Ice - RENO LIONS

Lines # - Real PCT - Wanted PCT - Time Play
Normal Forward
1 - 36% - 35% - 17:54
2 - 30% - 30% - 15:00
3 - 23% - 25% - 11:12
4 - 11% - 10% - 5:19
Normal Defense
1 - 34% - 35% - 16:51
2 - 33% - 32% - 16:23
3 - 28% - 23% - 14:03
4 - 4% - 10% - 2:08
PP Forward
1 - 47% - 65% - 1:53
2 - 53% - 35% - 2:05
PP Defense
1 - 52% - 60% - 2:04
2 - 48% - 40% - 1:54
PK Forward
1 - 59% - 55% - 3:30
2 - 41% - 45% - 2:27
PK Defense
1 - 48% - 55% - 2:52
2 - 52% - 45% - 3:05
PK3 Forward
1 - 0% - 55%
2 - 0% - 45%
PK3 Defense
1 - 0% - 55%
2 - 0% - 45%
44 Forward
1 - 0% - 55%
2 - 0% - 45%
44 Defense
1 - 0% - 55%
2 - 0% - 45%
Last Minute Offensive  - 0:40
Last Minute Defensive  - 0:00
Total
Forward - 60:00
Defense - 60:00

Play-by-Play

1st period


0:01 of 1st period - Steven Stamkos wins face-off versus Sebastian Aho in neutral zone.
0:26 of 1st period - Shot by Elias Pettersson.
0:26 of 1st period - Shot Misses the Net.
0:46 of 1st period - Shot by Steven Stamkos.
0:46 of 1st period - Shot Misses the Net.
1:00 of 1st period - Shot by Jack Roslovic.
1:00 of 1st period - Deflect By Pierre-Luc Dubois.
1:00 of 1st period - Stopped by Igor Shesterkin without a rebound.
1:01 of 1st period - Bo Horvat wins face-off versus Patrick Brown in SAN FRANCISCO SPIDERS zone.
1:01 of 1st period - Bo Horvat is hit by Marcus Foligno.
1:31 of 1st period - Juuso Valimaki is hit by Jared McCann and loses puck.
1:41 of 1st period - Icing by Erik Gudbranson.
1:42 of 1st period - Bo Horvat wins face-off versus Nick Bjugstad in SAN FRANCISCO SPIDERS zone.
1:49 of 1st period - Shot by Jared McCann.
1:49 of 1st period - Shot Misses the Net.
1:59 of 1st period - Icing by Bo Horvat.
2:00 of 1st period - Alex Steeves wins face-off versus Bo Horvat in SAN FRANCISCO SPIDERS zone.
2:16 of 1st period - Nicholas Ritchie is hit by Andrei Svechnikov and loses puck.
2:34 of 1st period - Shot by Nicholas Ritchie.
2:34 of 1st period - Stopped by Igor Shesterkin without a rebound.
2:35 of 1st period - Pierre-Luc Dubois wins face-off versus Dakota Joshua in SAN FRANCISCO SPIDERS zone.
2:40 of 1st period - Minor Penalty to Dakota Joshua for Tripping.
2:41 of 1st period - Zach Hyman wins face-off versus Steven Stamkos in SAN FRANCISCO SPIDERS zone.
2:41 of 1st period - Zach Hyman is hit by Steven Stamkos.
3:03 of 1st period - Shot by Kirill Kaprizov.
3:03 of 1st period - Stopped by Igor Shesterkin without a rebound.
3:04 of 1st period - Sebastian Aho wins face-off versus Pierre-Luc Dubois in SAN FRANCISCO SPIDERS zone.
3:10 of 1st period - Icing by Jack Roslovic.
3:11 of 1st period - Pierre-Luc Dubois wins face-off versus Sebastian Aho in RENO LIONS zone.
4:18 of 1st period - Shot by Elias Pettersson.
4:18 of 1st period - Stopped by Igor Shesterkin with a rebound.
4:20 of 1st period - Shot by Steven Stamkos.
4:20 of 1st period - Shot Blocked by Viktor Arvidsson.
4:22 of 1st period - Shot by Elias Pettersson.
4:22 of 1st period - Stopped by Igor Shesterkin without a rebound.
4:23 of 1st period - Steven Stamkos wins face-off versus Zach Hyman in SAN FRANCISCO SPIDERS zone.
4:52 of 1st period - Shot by Andrei Svechnikov.
4:52 of 1st period - Shot Misses the Net.
5:00 of 1st period - Shot by Kirby Dach.
5:00 of 1st period - Stopped by Stuart Skinner without a rebound.
5:01 of 1st period - Steven Stamkos wins face-off versus Sebastian Aho in RENO LIONS zone.
5:28 of 1st period - Shot by Steven Stamkos.
5:28 of 1st period - Goal by Steven Stamkos - SAN FRANCISCO SPIDERS : 0 - RENO LIONS : 1.
5:29 of 1st period - Kirby Dach wins face-off versus Nick Bjugstad in neutral zone.
5:38 of 1st period - Shot by Kirby Dach.
5:38 of 1st period - Shot Blocked by Justin Schultz.
6:39 of 1st period - Icing by Kirby Dach.
6:40 of 1st period - Steven Stamkos wins face-off versus Kirby Dach in SAN FRANCISCO SPIDERS zone.
6:53 of 1st period - Shot by Elias Pettersson.
6:53 of 1st period - Shot Misses the Net.
6:55 of 1st period - Shot by Elias Pettersson.
6:55 of 1st period - Shot Misses the Net.
6:57 of 1st period - Shot by Elias Pettersson.
6:57 of 1st period - Shot Blocked by Michael Anderson.
6:59 of 1st period - Shot by Steven Stamkos.
6:59 of 1st period - Shot Misses the Net.
7:01 of 1st period - Shot by Elias Pettersson.
7:01 of 1st period - Stopped by Igor Shesterkin without a rebound.
7:02 of 1st period - Patrick Brown wins face-off versus Bo Horvat in SAN FRANCISCO SPIDERS zone.
7:15 of 1st period - Patrick Brown is hit by Jared McCann and loses puck.
7:23 of 1st period - Ilya Mikheyev is hit by Jared McCann and loses puck.
7:27 of 1st period - Off-side.
7:28 of 1st period - Sebastian Aho wins face-off versus Steven Stamkos in neutral zone.
8:14 of 1st period - Shot by Steven Stamkos.
8:14 of 1st period - Stopped by Igor Shesterkin with a rebound.
9:57 of 1st period - Shot by Marcus Foligno.
9:57 of 1st period - Stopped by Igor Shesterkin without a rebound.
9:58 of 1st period - Steven Stamkos wins face-off versus Dakota Joshua in SAN FRANCISCO SPIDERS zone.
9:59 of 1st period - Shot by Elias Pettersson.
9:59 of 1st period - Shot Misses the Net.
10:01 of 1st period - Shot by Elias Pettersson.
10:01 of 1st period - Stopped by Igor Shesterkin without a rebound.
10:02 of 1st period - Steven Stamkos wins face-off versus Dakota Joshua in SAN FRANCISCO SPIDERS zone.
10:03 of 1st period - Shot by Elias Pettersson.
10:03 of 1st period - Shot Misses the Net.
10:05 of 1st period - Shot by Brady Skjei.
10:05 of 1st period - Shot Misses the Net.
10:07 of 1st period - Shot by Steven Stamkos.
10:07 of 1st period - Stopped by Igor Shesterkin without a rebound.
10:07 of 1st period - Minor Penalty to Sean Durzi for Hooking.
10:08 of 1st period - Steven Stamkos wins face-off versus Zach Hyman in SAN FRANCISCO SPIDERS zone.
11:16 of 1st period - Off-side.
11:17 of 1st period - Sebastian Aho wins face-off versus Pierre-Luc Dubois in neutral zone.
11:49 of 1st period - Shot by Pierre-Luc Dubois.
11:49 of 1st period - Shot Misses the Net.
11:51 of 1st period - Shot by Juuso Valimaki.
11:51 of 1st period - Shot Blocked by Darnell Nurse.
12:25 of 1st period - Shot by Eeli Tolvanen.
12:25 of 1st period - Stopped by Stuart Skinner without a rebound.
12:26 of 1st period - Steven Stamkos wins face-off versus Kirby Dach in RENO LIONS zone.
12:58 of 1st period - Andrei Svechnikov is hit by Robert Hagg and loses puck.
13:23 of 1st period - Icing by Elias Pettersson.
13:24 of 1st period - Bo Horvat wins face-off versus Steven Stamkos in RENO LIONS zone.
13:28 of 1st period - Viktor Arvidsson is hit by Robert Hagg and loses puck.
13:36 of 1st period - Jared McCann is hit by Robert Hagg.
13:37 of 1st period - Minor Penalty to Robert Hagg for Hooking.
13:38 of 1st period - Sebastian Aho wins face-off versus Nick Bjugstad in RENO LIONS zone.
14:29 of 1st period - Shot by Bo Horvat.
14:29 of 1st period - Stopped by Stuart Skinner without a rebound.
14:30 of 1st period - Bo Horvat wins face-off versus Nick Bjugstad in RENO LIONS zone.
14:30 of 1st period - Viktor Arvidsson is hit by Ethan Bear and loses puck.
16:05 of 1st period - Shot by Steven Stamkos.
16:05 of 1st period - Stopped by Igor Shesterkin without a rebound.
16:06 of 1st period - Alex Steeves wins face-off versus Kirby Dach in SAN FRANCISCO SPIDERS zone.
16:33 of 1st period - Shot by Nicholas Ritchie.
16:33 of 1st period - Shot Misses the Net.
16:35 of 1st period - Shot by Nicholas Ritchie.
16:35 of 1st period - Stopped by Igor Shesterkin without a rebound.
16:36 of 1st period - Sebastian Aho wins face-off versus Nick Bjugstad in SAN FRANCISCO SPIDERS zone.
16:47 of 1st period - Shot by Pierre-Luc Dubois.
16:47 of 1st period - Stopped by Igor Shesterkin without a rebound.
16:48 of 1st period - Bo Horvat wins face-off versus Patrick Brown in SAN FRANCISCO SPIDERS zone.
17:16 of 1st period - Icing by Marcus Foligno.
17:17 of 1st period - Sebastian Aho wins face-off versus Patrick Brown in RENO LIONS zone.
17:36 of 1st period - Shot by Sebastian Aho.
17:36 of 1st period - Shot Misses the Net.
19:45 of 1st period - Shot by Nick Bjugstad.
19:45 of 1st period - Shot Misses the Net.
19:53 of 1st period - Shot by Pierre-Luc Dubois.
19:53 of 1st period - Stopped by Igor Shesterkin with a rebound.
Goals for this period are 0 for SAN FRANCISCO SPIDERS vs 1 for RENO LIONS.
Shots for this period are 3 for SAN FRANCISCO SPIDERS vs 15 for RENO LIONS.

2nd period


0:01 of 2nd period - Nick Bjugstad wins face-off versus Sebastian Aho in neutral zone.
0:15 of 2nd period - Pierre-Luc Dubois is hit by Zach Hyman and loses puck.
1:08 of 2nd period - Icing by Oliver Ekman-Larsson.
1:09 of 2nd period - Dakota Joshua wins face-off versus Kirill Kaprizov in RENO LIONS zone.
2:13 of 2nd period - Icing by Michael Anderson.
2:14 of 2nd period - Alex Steeves wins face-off versus Dakota Joshua in SAN FRANCISCO SPIDERS zone.
2:56 of 2nd period - Shot by Trevor Moore.
2:56 of 2nd period - Stopped by Stuart Skinner with a rebound.
3:03 of 2nd period - Kirby Dach is hit by Ethan Bear.
3:11 of 2nd period - Shot by Kirby Dach.
3:11 of 2nd period - Stopped by Stuart Skinner with a rebound.
3:31 of 2nd period - Elias Pettersson is hit by Zach Hyman and loses puck.
3:40 of 2nd period - Shot by Steven Stamkos.
3:40 of 2nd period - Deflect By Elias Pettersson.
3:40 of 2nd period - Stopped by Igor Shesterkin with a rebound.
3:42 of 2nd period - Shot by Elias Pettersson.
3:42 of 2nd period - Shot Misses the Net.
3:44 of 2nd period - Shot by Brady Skjei.
3:44 of 2nd period - Stopped by Igor Shesterkin with a rebound.
3:46 of 2nd period - Shot by Elias Pettersson.
3:46 of 2nd period - Stopped by Igor Shesterkin with a rebound.
3:48 of 2nd period - Shot by Brady Skjei.
3:48 of 2nd period - Stopped by Igor Shesterkin without a rebound.
3:49 of 2nd period - Bo Horvat wins face-off versus Nick Bjugstad in SAN FRANCISCO SPIDERS zone.
4:14 of 2nd period - Shot by Bo Horvat.
4:14 of 2nd period - Stopped by Stuart Skinner without a rebound.
4:15 of 2nd period - Steven Stamkos wins face-off versus Sebastian Aho in RENO LIONS zone.
4:21 of 2nd period - Icing by Sean Durzi.
4:22 of 2nd period - Steven Stamkos wins face-off versus Sebastian Aho in SAN FRANCISCO SPIDERS zone.
4:39 of 2nd period - Shot by Zach Hyman.
4:39 of 2nd period - Shot Blocked by Justin Schultz.
4:41 of 2nd period - Shot by Sebastian Aho.
4:41 of 2nd period - Goal by Sebastian Aho - SAN FRANCISCO SPIDERS : 1 - RENO LIONS : 1.
4:42 of 2nd period - Nick Bjugstad wins face-off versus Bo Horvat in neutral zone.
5:07 of 2nd period - Shot by Bo Horvat.
5:07 of 2nd period - Stopped by Stuart Skinner without a rebound.
5:08 of 2nd period - Steven Stamkos wins face-off versus Kirby Dach in RENO LIONS zone.
5:08 of 2nd period - Steven Stamkos is hit by Trevor Moore.
5:31 of 2nd period - Shot by Elias Pettersson.
5:31 of 2nd period - Stopped by Igor Shesterkin without a rebound.
5:32 of 2nd period - Nick Bjugstad wins face-off versus Viktor Arvidsson in SAN FRANCISCO SPIDERS zone.
5:49 of 2nd period - Shot by Bo Horvat.
5:49 of 2nd period - Stopped by Stuart Skinner without a rebound.
5:50 of 2nd period - Sebastian Aho wins face-off versus Steven Stamkos in RENO LIONS zone.
5:53 of 2nd period - Shot by Sebastian Aho.
5:53 of 2nd period - Shot Misses the Net.
5:55 of 2nd period - Shot by Sebastian Aho.
5:55 of 2nd period - Shot Misses the Net.
5:57 of 2nd period - Shot by Kyle Palmieri.
5:57 of 2nd period - Stopped by Stuart Skinner without a rebound.
5:58 of 2nd period - Trevor Moore wins face-off versus Steven Stamkos in RENO LIONS zone.
6:01 of 2nd period - Shot by Trevor Moore.
6:01 of 2nd period - Deflect By Kirby Dach.
6:01 of 2nd period - Stopped by Stuart Skinner with a rebound.
6:49 of 2nd period - Trevor Moore is hit by Steven Stamkos and loses puck.
7:25 of 2nd period - Shot by Zach Hyman.
7:25 of 2nd period - Stopped by Stuart Skinner without a rebound.
7:26 of 2nd period - Bo Horvat wins face-off versus Patrick Brown in RENO LIONS zone.
7:55 of 2nd period - Shot by Bo Horvat.
7:55 of 2nd period - Stopped by Stuart Skinner with a rebound.
7:57 of 2nd period - Shot by Bo Horvat.
7:57 of 2nd period - Shot Misses the Net.
7:59 of 2nd period - Shot by Bo Horvat.
7:59 of 2nd period - Deflect By Viktor Arvidsson.
7:59 of 2nd period - Stopped by Stuart Skinner without a rebound.
8:00 of 2nd period - Nick Bjugstad wins face-off versus Zach Hyman in RENO LIONS zone.
8:00 of 2nd period - Nick Bjugstad is hit by Kyle Palmieri.
8:06 of 2nd period - Shot by Jack Roslovic.
8:06 of 2nd period - Shot Misses the Net.
8:16 of 2nd period - Shot by Sebastian Aho.
8:16 of 2nd period - Deflect By Kyle Palmieri.
8:16 of 2nd period - Goal by Kyle Palmieri - SAN FRANCISCO SPIDERS : 2 - RENO LIONS : 1.
8:17 of 2nd period - Dakota Joshua wins face-off versus Steven Stamkos in neutral zone.
8:30 of 2nd period - Shot by Trent Frederic.
8:30 of 2nd period - Deflect By Eeli Tolvanen.
8:30 of 2nd period - Stopped by Stuart Skinner without a rebound.
8:31 of 2nd period - Nick Bjugstad wins face-off versus Sebastian Aho in RENO LIONS zone.
8:48 of 2nd period - Shot by Pierre-Luc Dubois.
8:48 of 2nd period - Stopped by Igor Shesterkin without a rebound.
8:49 of 2nd period - Bo Horvat wins face-off versus Elias Pettersson in SAN FRANCISCO SPIDERS zone.
9:00 of 2nd period - Shot by Elias Pettersson.
9:00 of 2nd period - Shot Blocked by Sean Durzi.
9:24 of 2nd period - Shot by Steven Stamkos.
9:24 of 2nd period - Stopped by Igor Shesterkin without a rebound.
9:25 of 2nd period - Nick Bjugstad wins face-off versus Sebastian Aho in SAN FRANCISCO SPIDERS zone.
9:33 of 2nd period - Off-side.
9:34 of 2nd period - Sebastian Aho wins face-off versus Patrick Brown in neutral zone.
9:39 of 2nd period - Sebastian Aho is hit by Marcus Foligno and loses puck.
9:46 of 2nd period - Shot by Oliver Ekman-Larsson.
9:46 of 2nd period - Shot Misses the Net.
9:48 of 2nd period - Shot by Patrick Brown.
9:48 of 2nd period - Stopped by Igor Shesterkin without a rebound.
9:49 of 2nd period - Nick Bjugstad wins face-off versus Kirby Dach in SAN FRANCISCO SPIDERS zone.
9:50 of 2nd period - Shot by Pierre-Luc Dubois.
9:50 of 2nd period - Stopped by Igor Shesterkin without a rebound.
9:51 of 2nd period - Nick Bjugstad wins face-off versus Bo Horvat in SAN FRANCISCO SPIDERS zone.
11:13 of 2nd period - Shot by Andrei Svechnikov.
11:13 of 2nd period - Stopped by Stuart Skinner with a rebound.
11:59 of 2nd period - Off-side.
12:00 of 2nd period - Eeli Tolvanen wins face-off versus Patrick Brown in neutral zone.
12:29 of 2nd period - Shot by Eeli Tolvanen.
12:29 of 2nd period - Stopped by Stuart Skinner with a rebound.
12:31 of 2nd period - Shot by Darnell Nurse.
12:31 of 2nd period - Shot Misses the Net.
12:33 of 2nd period - Shot by Darnell Nurse.
12:33 of 2nd period - Shot Misses the Net.
12:54 of 2nd period - Icing by Ethan Bear.
12:55 of 2nd period - Kirby Dach wins face-off versus Patrick Brown in RENO LIONS zone.
13:13 of 2nd period - Trevor Moore is hit by Ethan Bear and loses puck.
13:19 of 2nd period - Andrei Svechnikov is hit by Ethan Bear.
13:53 of 2nd period - Icing by Ethan Bear.
13:54 of 2nd period - Patrick Brown wins face-off versus Sebastian Aho in RENO LIONS zone.
13:54 of 2nd period - Patrick Brown is hit by Kyle Palmieri.
14:16 of 2nd period - Shot by Sebastian Aho.
14:16 of 2nd period - Shot Misses the Net.
14:18 of 2nd period - Shot by Brenden Dillon.
14:18 of 2nd period - Stopped by Stuart Skinner without a rebound.
14:19 of 2nd period - Nick Bjugstad wins face-off versus Bo Horvat in RENO LIONS zone.
14:26 of 2nd period - Off-side.
14:27 of 2nd period - Bo Horvat wins face-off versus Nick Bjugstad in neutral zone.
14:49 of 2nd period - Shot by Jared McCann.
14:49 of 2nd period - Shot Misses the Net.
14:57 of 2nd period - Shot by Jared McCann.
14:57 of 2nd period - Stopped by Stuart Skinner without a rebound.
14:58 of 2nd period - Steven Stamkos wins face-off versus Sebastian Aho in RENO LIONS zone.
15:03 of 2nd period - Shot by Kirill Kaprizov.
15:03 of 2nd period - Shot Blocked by Brenden Dillon.
15:17 of 2nd period - Shot by Kirill Kaprizov.
15:17 of 2nd period - Goal by Kirill Kaprizov - SAN FRANCISCO SPIDERS : 2 - RENO LIONS : 2.
15:18 of 2nd period - Alex Steeves wins face-off versus Trevor Moore in neutral zone.
15:20 of 2nd period - Brady Skjei is hit by Sean Durzi and loses puck.
15:35 of 2nd period - Shot by Alex Steeves.
15:35 of 2nd period - Stopped by Igor Shesterkin with a rebound.
15:37 of 2nd period - Shot by Brady Skjei.
15:37 of 2nd period - Shot Misses the Net.
16:29 of 2nd period - Shot by Sebastian Aho.
16:29 of 2nd period - Goal by Sebastian Aho - SAN FRANCISCO SPIDERS : 3 - RENO LIONS : 2.
16:30 of 2nd period - Bo Horvat wins face-off versus Nick Bjugstad in neutral zone.
16:58 of 2nd period - Icing by Jack Roslovic.
16:59 of 2nd period - Nick Bjugstad wins face-off versus Sebastian Aho in RENO LIONS zone.
17:26 of 2nd period - Shot by Kyle Palmieri.
17:26 of 2nd period - Shot Blocked by Oliver Ekman-Larsson.
17:45 of 2nd period - Off-side.
17:46 of 2nd period - Steven Stamkos wins face-off versus Bo Horvat in neutral zone.
18:00 of 2nd period - Icing by Sean Durzi.
18:01 of 2nd period - Patrick Brown wins face-off versus Bo Horvat in SAN FRANCISCO SPIDERS zone.
18:05 of 2nd period - Icing by Sean Durzi.
18:06 of 2nd period - Steven Stamkos wins face-off versus Jared McCann in SAN FRANCISCO SPIDERS zone.
18:22 of 2nd period - Kirill Kaprizov is hit by Erik Gudbranson and loses puck.
18:25 of 2nd period - Shot by Elias Pettersson.
18:25 of 2nd period - Shot Misses the Net.
19:19 of 2nd period - Shot by Pierre-Luc Dubois.
19:19 of 2nd period - Stopped by Igor Shesterkin without a rebound.
19:20 of 2nd period - Patrick Brown wins face-off versus Kirby Dach in SAN FRANCISCO SPIDERS zone.
19:21 of 2nd period - Shot by Marcus Foligno.
19:21 of 2nd period - Stopped by Igor Shesterkin without a rebound.
19:22 of 2nd period - Nick Bjugstad wins face-off versus Sebastian Aho in SAN FRANCISCO SPIDERS zone.
19:29 of 2nd period - Shot by Pierre-Luc Dubois.
19:29 of 2nd period - Stopped by Igor Shesterkin without a rebound.
19:30 of 2nd period - Nick Bjugstad wins face-off versus Kirby Dach in SAN FRANCISCO SPIDERS zone.
19:30 of 2nd period - Jack Roslovic is hit by Brenden Dillon and loses puck.
19:45 of 2nd period - Icing by Oliver Ekman-Larsson.
19:46 of 2nd period - Jack Roslovic wins face-off versus Sebastian Aho in RENO LIONS zone.
19:46 of 2nd period - Jack Roslovic is hit by Kyle Palmieri.
Goals for this period are 3 for SAN FRANCISCO SPIDERS vs 1 for RENO LIONS.
Shots for this period are 18 for SAN FRANCISCO SPIDERS vs 14 for RENO LIONS.

3rd period


0:01 of 3rd period - Steven Stamkos wins face-off versus Sebastian Aho in neutral zone.
0:31 of 3rd period - Icing by Brady Skjei.
0:32 of 3rd period - Steven Stamkos wins face-off versus Kirby Dach in RENO LIONS zone.
0:42 of 3rd period - Kirill Kaprizov is hit by Erik Gudbranson and loses puck.
1:26 of 3rd period - Shot by Marcus Foligno.
1:26 of 3rd period - Deflect By Ilya Mikheyev.
1:26 of 3rd period - Stopped by Igor Shesterkin with a rebound.
1:28 of 3rd period - Shot by Marcus Foligno.
1:28 of 3rd period - Shot Misses the Net.
1:33 of 3rd period - Ilya Mikheyev is hit by Erik Gudbranson and loses puck.
1:38 of 3rd period - Shot by Ilya Mikheyev.
1:38 of 3rd period - Stopped by Igor Shesterkin without a rebound.
1:39 of 3rd period - Bo Horvat wins face-off versus Nick Bjugstad in SAN FRANCISCO SPIDERS zone.
2:36 of 3rd period - Shot by Marcus Foligno.
2:36 of 3rd period - Shot Blocked by Brenden Dillon.
2:53 of 3rd period - Icing by Darnell Nurse.
2:54 of 3rd period - Bo Horvat wins face-off versus Steven Stamkos in SAN FRANCISCO SPIDERS zone.
3:00 of 3rd period - Bo Horvat is hit by Brady Skjei and loses puck.
3:11 of 3rd period - Shot by Elias Pettersson.
3:11 of 3rd period - Shot Misses the Net.
3:13 of 3rd period - Shot by Elias Pettersson.
3:13 of 3rd period - Stopped by Igor Shesterkin without a rebound.
3:14 of 3rd period - Alex Steeves wins face-off versus Zach Hyman in SAN FRANCISCO SPIDERS zone.
3:17 of 3rd period - Shot by Nicholas Ritchie.
3:17 of 3rd period - Stopped by Igor Shesterkin with a rebound.
3:43 of 3rd period - Shot by Nicholas Ritchie.
3:43 of 3rd period - Shot Misses the Net.
3:53 of 3rd period - Shot by Kyle Palmieri.
3:53 of 3rd period - Stopped by Stuart Skinner without a rebound.
3:54 of 3rd period - Patrick Brown wins face-off versus Kirby Dach in RENO LIONS zone.
4:16 of 3rd period - Kirby Dach is hit by Brady Skjei and loses puck.
4:48 of 3rd period - Icing by Patrick Brown.
4:49 of 3rd period - Patrick Brown wins face-off versus Sebastian Aho in RENO LIONS zone.
4:58 of 3rd period - Shot by Sebastian Aho.
4:58 of 3rd period - Stopped by Stuart Skinner without a rebound.
4:59 of 3rd period - Steven Stamkos wins face-off versus Sebastian Aho in RENO LIONS zone.
5:10 of 3rd period - Sebastian Aho is hit by Elias Pettersson and loses puck.
5:15 of 3rd period - Shot by Sebastian Aho.
5:15 of 3rd period - Shot Blocked by Robert Hagg.
5:17 of 3rd period - Shot by Sebastian Aho.
5:17 of 3rd period - Deflect By Zach Hyman.
5:17 of 3rd period - Stopped by Stuart Skinner without a rebound.
5:18 of 3rd period - Nick Bjugstad wins face-off versus Dakota Joshua in RENO LIONS zone.
5:50 of 3rd period - Shot by Eeli Tolvanen.
5:50 of 3rd period - Shot Blocked by Juuso Valimaki.
6:14 of 3rd period - Shot by Sebastian Aho.
6:14 of 3rd period - Stopped by Stuart Skinner without a rebound.
6:15 of 3rd period - Steven Stamkos wins face-off versus Kirby Dach in RENO LIONS zone.
6:25 of 3rd period - Icing by Erik Gudbranson.
6:26 of 3rd period - Patrick Brown wins face-off versus Kirby Dach in SAN FRANCISCO SPIDERS zone.
6:32 of 3rd period - Minor Penalty to Robert Hagg for Hooking.
6:33 of 3rd period - Nick Bjugstad wins face-off versus Sebastian Aho in RENO LIONS zone.
6:33 of 3rd period - Nick Bjugstad is hit by Sebastian Aho.
7:10 of 3rd period - Off-side.
7:11 of 3rd period - Andrei Svechnikov wins face-off versus Patrick Brown in neutral zone.
7:48 of 3rd period - Shot by Bo Horvat.
7:48 of 3rd period - Stopped by Stuart Skinner without a rebound.
7:49 of 3rd period - Nick Bjugstad wins face-off versus Sebastian Aho in RENO LIONS zone.
8:55 of 3rd period - Shot by Steven Stamkos.
8:55 of 3rd period - Stopped by Igor Shesterkin with a rebound.
9:03 of 3rd period - Shot by Elias Pettersson.
9:03 of 3rd period - Stopped by Igor Shesterkin without a rebound.
9:04 of 3rd period - Sebastian Aho wins face-off versus Alex Steeves in SAN FRANCISCO SPIDERS zone.
9:10 of 3rd period - Off-side.
9:11 of 3rd period - Patrick Brown wins face-off versus Bo Horvat in neutral zone.
9:14 of 3rd period - Shot by Marcus Foligno.
9:14 of 3rd period - Stopped by Igor Shesterkin without a rebound.
9:15 of 3rd period - Sebastian Aho wins face-off versus Kirill Kaprizov in SAN FRANCISCO SPIDERS zone.
9:51 of 3rd period - Shot by Zach Hyman.
9:51 of 3rd period - Goal by Zach Hyman - SAN FRANCISCO SPIDERS : 4 - RENO LIONS : 2.
9:52 of 3rd period - Nick Bjugstad wins face-off versus Bo Horvat in neutral zone.
10:04 of 3rd period - Sean Durzi is hit by Nick Bjugstad and loses puck.
10:11 of 3rd period - Shot by Jack Roslovic.
10:11 of 3rd period - Stopped by Igor Shesterkin with a rebound.
10:15 of 3rd period - Shot by Brady Skjei.
10:15 of 3rd period - Stopped by Igor Shesterkin with a rebound.
11:24 of 3rd period - Shot by Elias Pettersson.
11:24 of 3rd period - Shot Misses the Net.
12:12 of 3rd period - Shot by Marcus Foligno.
12:12 of 3rd period - Shot Blocked by Jacob Middleton.
12:19 of 3rd period - Icing by Michael Anderson.
12:20 of 3rd period - Kirby Dach wins face-off versus Nick Bjugstad in SAN FRANCISCO SPIDERS zone.
12:20 of 3rd period - Kirby Dach is hit by Nick Bjugstad.
12:31 of 3rd period - Shot by Kirby Dach.
12:31 of 3rd period - Shot Blocked by Brady Skjei.
12:35 of 3rd period - Shot by Andrei Svechnikov.
12:35 of 3rd period - Stopped by Stuart Skinner without a rebound.
12:36 of 3rd period - Alex Steeves wins face-off versus Bo Horvat in RENO LIONS zone.
12:36 of 3rd period - Alex Steeves is hit by Viktor Arvidsson.
13:00 of 3rd period - Shot by Bo Horvat.
13:00 of 3rd period - Deflect By Jared McCann.
13:00 of 3rd period - Shot Misses the Net.
13:10 of 3rd period - Bo Horvat is hit by Nicholas Ritchie and loses puck.
13:44 of 3rd period - Shot by Patrick Brown.
13:44 of 3rd period - Stopped by Igor Shesterkin without a rebound.
13:45 of 3rd period - Nick Bjugstad wins face-off versus Sebastian Aho in SAN FRANCISCO SPIDERS zone.
13:51 of 3rd period - Icing by Darnell Nurse.
13:52 of 3rd period - Steven Stamkos wins face-off versus Sebastian Aho in SAN FRANCISCO SPIDERS zone.
13:52 of 3rd period - Steven Stamkos is hit by Brenden Dillon.
13:56 of 3rd period - Shot by Elias Pettersson.
13:56 of 3rd period - Shot Blocked by Brenden Dillon.
13:58 of 3rd period - Shot by Elias Pettersson.
13:58 of 3rd period - Deflect By Steven Stamkos.
13:58 of 3rd period - Goal by Steven Stamkos - SAN FRANCISCO SPIDERS : 4 - RENO LIONS : 3.
13:59 of 3rd period - Nick Bjugstad wins face-off versus Sebastian Aho in neutral zone.
14:18 of 3rd period - Shot by Pierre-Luc Dubois.
14:18 of 3rd period - Shot Misses the Net.
14:20 of 3rd period - Shot by Jack Roslovic.
14:20 of 3rd period - Stopped by Igor Shesterkin without a rebound.
14:21 of 3rd period - Steven Stamkos wins face-off versus Kirby Dach in SAN FRANCISCO SPIDERS zone.
14:22 of 3rd period - Shot by Elias Pettersson.
14:22 of 3rd period - Stopped by Igor Shesterkin without a rebound.
14:23 of 3rd period - Steven Stamkos wins face-off versus Kirby Dach in SAN FRANCISCO SPIDERS zone.
14:23 of 3rd period - Kirill Kaprizov is hit by Brenden Dillon and loses puck.
14:47 of 3rd period - Andrei Svechnikov is hit by Robert Hagg and loses puck.
14:57 of 3rd period - Minor Penalty to Robert Hagg for Hooking.
14:58 of 3rd period - Nick Bjugstad wins face-off versus Sebastian Aho in RENO LIONS zone.
15:09 of 3rd period - Shot by Jared McCann.
15:09 of 3rd period - Shot Blocked by Ethan Bear.
15:11 of 3rd period - Shot by Erik Gudbranson.
15:11 of 3rd period - Stopped by Stuart Skinner without a rebound.
15:12 of 3rd period - Nick Bjugstad wins face-off versus Bo Horvat in RENO LIONS zone.
16:04 of 3rd period - Shot by Jared McCann.
16:04 of 3rd period - Stopped by Stuart Skinner without a rebound.
16:05 of 3rd period - Nick Bjugstad wins face-off versus Dakota Joshua in RENO LIONS zone.
16:31 of 3rd period - Icing by Brenden Dillon.
16:32 of 3rd period - Sebastian Aho wins face-off versus Patrick Brown in SAN FRANCISCO SPIDERS zone.
16:53 of 3rd period - Shot by Jared McCann.
16:53 of 3rd period - Shot Misses the Net.
16:55 of 3rd period - Shot by Darnell Nurse.
16:55 of 3rd period - Shot Misses the Net.
17:06 of 3rd period - Icing by Elias Pettersson.
17:07 of 3rd period - Steven Stamkos wins face-off versus Kirby Dach in RENO LIONS zone.
17:18 of 3rd period - Kirby Dach is hit by Steven Stamkos and loses puck.
18:12 of 3rd period - Icing by Sean Durzi.
18:13 of 3rd period - Nick Bjugstad wins face-off versus Kirby Dach in SAN FRANCISCO SPIDERS zone.
18:42 of 3rd period - Shot by Pierre-Luc Dubois.
18:42 of 3rd period - Shot Misses the Net.
18:44 of 3rd period - Shot by Jack Roslovic.
18:44 of 3rd period - Shot Misses the Net.
18:46 of 3rd period - Shot by Pierre-Luc Dubois.
18:46 of 3rd period - Shot Blocked by Sean Durzi.
19:03 of 3rd period - Icing by Juuso Valimaki.
19:04 of 3rd period - Zach Hyman wins face-off versus Nick Bjugstad in RENO LIONS zone.
19:28 of 3rd period - RENO LIONS, Stuart Skinner is pulled from the net.
19:40 of 3rd period - Shot by Kirill Kaprizov.
19:40 of 3rd period - Deflect By Elias Pettersson.
19:40 of 3rd period - Shot Misses the Net.
19:42 of 3rd period - Shot by Elias Pettersson.
19:42 of 3rd period - Stopped by Igor Shesterkin without a rebound.
19:43 of 3rd period - Zach Hyman wins face-off versus Steven Stamkos in SAN FRANCISCO SPIDERS zone.
Goals for this period are 1 for SAN FRANCISCO SPIDERS vs 1 for RENO LIONS.
Shots for this period are 9 for SAN FRANCISCO SPIDERS vs 14 for RENO LIONS.


ROOPE
HINTZ
ARTEMI
PANARIN
MIRO
HEISKANEN

EAST COAST

HOCKEY LEAGUE

  • 59.RHI1PIT5
  • 60.WOR6ATL7
  • 61.CHWQUE
  • 62.TRVCHA